 Dungeon Crawl Stone Soup version 0.29.1-1-gd02db6906a (webtiles) character file.

Game seed: 5759517005577047480

226 LustLizard the Ruffian (level 5, -2/53 HPs)
             Began as a Troll Fighter on Sept 21, 2022.
             Slain by a gnoll
             ... wielding a +0 spear
             ... led by a gnoll bouda
              (5 damage)
             ... on level 4 of the Dungeon.
             The game lasted 00:06:04 (3147 turns).

LustLizard the Ruffian (Troll Fighter)              Turns: 3147, Time: 00:06:04

Health: -2/53      AC:  4    Str: 24    XL:     5   Next: 69%
Magic:  4/4        EV:  8    Int: 12    God:
Gold:   126        SH:  7    Dex:  9    Spells: 4/4 levels left

rFire   . . .      SeeInvis .     - Unarmed
rCold   + . .      Faith    .   b - +0 kite shield
rNeg    . . .      Spirit   .   a - +0 robe
rPois   .          Reflect  .   (helmet restricted)
rElec   .          Harm     .   (no cloak)
rCorr   .          Rampage  .   (gloves unavailable)
Will    .....                   (boots unavailable)
Stlth   +.........              (no amulet)
HPRegen 0.97/turn               n - +6 ring of intelligence
MPRegen 0.09/turn               r - ring of protection from cold

@: lethally poisoned (-2 -> -4)
A: large, unfitting armour, claws 3, regeneration 1, shaggy fur 1, tough skin 1
a: no special abilities


You were on level 4 of the Dungeon.
You visited 1 branch of the dungeon, and saw 4 of its levels.

You collected 204 gold pieces.
You spent 78 gold pieces at shops.

Inventory:

Missiles
 g - 24 stones (quivered)
 m - 9 poisoned darts
 t - 3 javelins
Armour
 a - a +0 robe (worn)
 b - a +0 kite shield (worn)
Jewellery
 n - a +6 ring of intelligence (left claw)
 r - a ring of protection from cold (right claw)
 s - a ring of magical power
Wands
 l - a wand of polymorph (8)
Scrolls
 d - a scroll of blinking {unknown}
 e - 2 scrolls of identify
 f - 3 scrolls of noise
 k - a scroll of enchant weapon {unknown}
 o - a scroll of summoning
 p - 3 scrolls of teleportation {unknown}
 q - a scroll of poison {unknown}
Potions
 c - a potion of might
 h - a potion of degeneration
 i - a potion of haste
 j - a potion of curing
 u - a potion of berserk rage


   Skills:
 + Level 3.4 Fighting
 - Level 2.4 Dodging
 + Level 3.7 Shields
 * Level 4.4 Unarmed Combat


You had 4 spell levels left.
You didn't know any spells.
Your spell library contained the following spells:

 Spells                   Type           Power      Damage    Failure   Level
 Airstrike                Air            0%         2d(0-16)  100%        4
 Summon Lightning Spire   Summ/Air       0%         N/A       100%        4
 Lightning Bolt           Conj/Air       0%         1d11      100%        5


Dungeon Overview and Level Annotations

Branches:
Dungeon (4/15)
 Temple: D:4-7

Altars:
Hepliaklqana

Shops:
D:1 ?[![   D:2 :

Annotations:
D:4 Blork the orc


Innate Abilities, Weirdness & Mutations

You are too large for most types of armour.
You have claws for hands.
Your natural rate of healing is unusually fast.
You are covered in fur. (AC +1)
You have tough skin. (AC +1)


Message History

The gnoll bouda is lightly wounded.
The gnoll barely misses you. x2; You block the gnoll bouda's attack.
Blork the orc comes into view.
He is wielding a +0 trident of venom.
The gnoll barely misses you.
You scratch the gnoll bouda.
The gnoll bouda is moderately wounded.
Blork the orc gestures wildly while chanting.
Blork the orc seems to speed up.
The gnoll bouda hits you with a +0 club.
The gnoll hits you from afar with a +0 spear.
You block the gnoll's attack.
Blork the orc gestures at you while chanting.
The puff of flame hits you! The gnoll bouda barely misses you.
The gnoll bouda attacks as you move away!
The gnoll bouda hits you with a +0 club.
Blork the orc hits you from afar with a +0 trident of venom!
* * * LOW HITPOINT WARNING * * *
You are lethally poisoned!
Blork the orc hits you from afar with a +0 trident of venom!
* * * LOW HITPOINT WARNING * * *
You are more poisoned.
You feel better. You block Blork the orc's attack.
The gnoll hits you from afar with a +0 spear.
* * * LOW HITPOINT WARNING * * *
The gnoll attacks as you move away! The gnoll hits you with a +0 whip.
* * * LOW HITPOINT WARNING * * *
Blork the orc gestures at you while chanting.
The puff of flame hits you.
* * * LOW HITPOINT WARNING * * *
Blork the orc screams, "I'm much stronger than you!"
You feel better.
Blork the orc hits you but does no damage.
You are poisoned.
The gnoll closely misses you.
You feel sick. Blork the orc casts a spell at you. The puff of flame hits you.
* * * LOW HITPOINT WARNING * * *
The gnoll hits you from afar with a +0 spear.
You die...

#... #....
#... ## #..#
... ##).#
.#.. ##.)#
.....##gg##
........##
....##o@g##
.. ###..##
##).## ##..##
##..####
#.....###
#.[.....###
#.........##
#..........##


You could see Blork the orc (fast), a gnoll bouda and 2 gnolls.

Vanquished Creatures
  The ghost of CertainDeath the Ruffian, a weakling MiTm (D:3)
  Ijyb (D:3)
  An iguana (D:3)
  2 adders
  2 gnolls (D:4)
  3 worms
  A dart slug (D:1)
  2 orcs (D:3)
  5 ball pythons
  4 endoplasms
  3 giant cockroaches
  16 goblins
  4 hobgoblins
  5 jackals
  6 kobolds
  A quokka (D:1)
  8 bats
  2 frilled lizards (D:1)
  10 rats
77 creatures vanquished.

Vanquished Creatures (collateral kills)
  An orc (D:3)
1 creature vanquished.

Grand Total: 78 creatures vanquished

Notes
Turn   | Place    | Note
-------+----------+-------------------------------------------
     0 | D:1      | LustLizard the Troll Fighter began the quest for the Orb.
     0 | D:1      | Reached XP level 1. HP: 22/22 MP: 0/0
    41 | D:1      | Found Korumot's Antique Armour Shoppe.
   116 | D:1      | Found Hooro's Distillery.
   155 | D:1      | Found Yfunnurr's Armour Boutique.
   207 | D:1      | Reached XP level 2. HP: 29/29 MP: 1/1
   387 | D:1      | Found Nusuh's Magic Scroll Shoppe.
   763 | D:2      | Reached XP level 3. HP: 36/36 MP: 2/2
   837 | D:2      | Reached skill level 3 in Unarmed Combat
  1067 | D:2      | Found Nuom's Book Boutique.
  1226 | D:2      | Found a faded altar of an unknown god.
  1332 | D:2      | Reached XP level 4. HP: 43/44 MP: 3/3
  1672 | D:1      | Bought a scroll of identify for 26 gold pieces
  1672 | D:1      | Bought a scroll of identify for 26 gold pieces
  1672 | D:1      | Bought a scroll of identify for 26 gold pieces
  1741 | D:3      | Noticed CertainDeath's ghost (weakling MiTm)
  1760 | D:3      | Found a runed translucent gate.
  1760 | D:3      | Found a runed translucent gate.
  2036 | D:3      | Found a runed translucent gate.
  2173 | D:3      | Noticed Ijyb
  2179 | D:3      | Paralysed by Ijyb for 2 turns
  2192 | D:3      | Killed Ijyb
  2571 | D:3      | Found a hazy altar of Hepliaklqana.
  3003 | D:3      | Killed CertainDeath's ghost
  3004 | D:3      | Reached skill level 4 in Unarmed Combat
  3004 | D:3      | Reached XP level 5. HP: 53/53 MP: 4/4
  3140 | D:4      | Noticed Blork the orc
  3143 | D:4      | HP: 2/53 [Blork the orc/+0 trident of venom (8)]
  3147 | D:4      | Slain by a gnoll

Illustrated notes

Levels and vault maps discovered:
D:1:      ebering_trefoil_3fold, layout_loops_ring, serial_shops,
          nicolae_shop_competitors_out_of_business, nicolae_shop_statue_plus,
          shop_scrolls, nicolae_shop_competitors_out_of_business
D:2:      layout_basic, serial_shops, shop, chequers_ecumenical_altar_grove
D:3:      kennysheep_goblin_castle, layout_basic, mainiacjoe_overflow_alcove_1,
          gammafunk_ghost_split
D:4:      layout_cave_pods, elyvilon_altar_5, uniq_blork_the_orc

Skill      XL: |  1  2  3  4 |
---------------+-------------+-----
Shields        | 3 |  3.7
Unarmed Combat | 3 4 |  4.4
Fighting       | 3 |  3.4
Dodging        | |  2.4

Action                   |  1- 3 |  4- 6 || total
-------------------------+-------+-------++-------
Melee: Unarmed           |   129 |    96 ||   225
  Use: Scroll            |     1 |     5 ||     6
       Potion            |       |     2 ||     2
 Stab: Sleeping          |       |     1 ||     1
Armor: Robe              |    54 |    36 ||    90
Dodge: Dodged            |    39 |    46 ||    85
Block: Kite shield       |    50 |    35 ||    85
